 Dungeon Crawl Stone Soup version 0.22-a0-567-gff9aefc (webtiles) character file.

48 Amnesiac the Grasshopper (level 3, 0/18 HPs)
             Began as a Spriggan Wanderer on June 29, 2018.
             Slain by an orc
             ... wielding a +0 whip
              (1 damage)
             ... on level 3 of the Dungeon.
             The game lasted 00:03:41 (1011 turns).

Amnesiac the Grasshopper (Spriggan Wanderer)        Turns: 1011, Time: 00:03:42

Health: 0/18       AC:  3    Str: 11    XL:     3   Next: 50%
Magic:  1/9        EV: 16    Int: 13    God:
Gold:   6          SH:  0    Dex: 13    Spells: 0/10 levels left

rFire    . . .     SeeInvis +   e - +0 dagger
rCold    . . .     Gourm    .   (shield restricted)
rNeg     . . .     Faith    .   d - +0 robe
rPois    .         Spirit   .   (helmet restricted)
rElec    .         Reflect  .   h - +0 cloak
rCorr    .         Harm     .   (gloves unavailable)
MR       .....                  (boots unavailable)
Stlth    ++........             (no amulet)
HPRegen  0.06/turn              (no ring)
MPRegen  0.11/turn              (no ring)

@: very slightly contaminated, very quick
A: very small, unfitting armour, see invisible, herbivore, speed 3, slow
metabolism 2
a: no special abilities


You were on level 3 of the Dungeon.
You were not hungry.

You visited 1 branch of the dungeon, and saw 3 of its levels.

You collected 6 gold pieces.

Inventory:

Hand Weapons
 e - a +0 dagger (weapon)
Armour
 d - a +0 robe (worn)
 h - a +0 cloak (worn)
Comestibles
 f - 2 rations


   Skills:
 - Level 1.0 Fighting
   Level 1.0 Crossbows
 - Level 1.5 Dodging
 - Level 1.5 Stealth
 + Level 4.3 Spellcasting
 - Level 5.8 Translocations
   Level 1.3 Evocations


You couldn't memorise any spells.
You knew the following spells:

 Your Spells              Type           Power        Failure   Level  Hunger
a - Call Imp              Summ           #.......     30%         2    ##.....
e - Mephitic Cloud        Conj/Pois/Air  #.......     52%         3    ###....
s - Conjure Flame         Conj/Fire      #.......     52%         3    ###....
v - Blink                 Tloc           N/A          2%          2    ##.....

Your spell library contained the following spells:

 Spells                   Type           Power        Failure   Level  Hunger
 Magic Dart               Conj           #...         21%         1    None
 Apportation              Tloc           ###...       1%          1    None
 Slow                     Hex            #.......     30%         2    ##.....
 Flame Tongue             Conj/Fire      #....        21%         1    None
 Static Discharge         Conj/Air       #.......     52%         3    ###....
 Portal Projectile        Hex/Tloc       ##....       19%         3    ###....


Dungeon Overview and Level Annotations

Branches:
Dungeon (3/15)

Altars:


Innate Abilities, Weirdness & Mutations

You are very small and have problems with some larger weapons.
You are too small for most types of armour.
You have supernaturally acute eyesight. (SInv)
You are a herbivore.
You cover ground extremely quickly.
You need to consume almost no food.


Message History

You are very lightly contaminated with residual magic.
You hear strange voices.
Casting: Call Imp (safe; 30% risk of failure)
Confirm with . or Enter, or press ? or * to list all spells.
You miscast Call Imp.
Your head hurts.
Casting: Call Imp (safe; 30% risk of failure)
Confirm with . or Enter, or press ? or * to list all spells.
You miscast Call Imp.
Your brain hurts!
The hound closely misses you.
Casting: Call Imp (safe; 30% risk of failure)
Confirm with . or Enter, or press ? or * to list all spells.
A beastly little devil appears in a puff of flame.
The hound bites you.
Really read
a - a scroll labeled FASUZ BULY {!r}?
As you read the scroll labeled FASUZ BULY {!r}, it crumbles to dust.
You hear a loud clanging noise!
It was a scroll of noise {!r}.
You hear an angry hiss.
The hound barely misses you. The hound misses you.
The orc closely misses your crimson imp.
Really read
b - a scroll labeled NEATEG LAHE {!r}?
As you read the scroll labeled NEATEG LAHE {!r}, it crumbles to dust.
You feel blessed for a moment.
It was a scroll of remove curse {!r}.
The hound bites you. The worm closely misses you.
Really read
c - a scroll labeled QOLURUO OMISI {!r}?
Blink to where?
Press: ? - help, Dir - move target cursor
As you read the scroll labeled QOLURUO OMISI {!r}, it crumbles to dust.
It was a scroll of blinking {!r}.
Really read
g - a scroll labeled CUSEODIGHI {!r}?
As you read the scroll labeled CUSEODIGHI {!r}, it crumbles to dust.
The dust glows pale beige!
It was a scroll of random uselessness {!r}.
Really read
i - a scroll labeled BIESOM EJORRO {!r}?
As you read the scroll labeled BIESOM EJORRO {!r}, it crumbles to dust.
It is a scroll of identify.
You don't have any unidentified items.
Your crimson imp disappears in a puff of smoke!
The hound bites you but does no damage.
The orc shouts!
An orc comes into view. It is wielding a short sword.
The orc barely misses you.
Casting: Call Imp (safe; 30% risk of failure)
Confirm with . or Enter, or press ? or * to list all spells.
You blink.
The hound misses you.
You aren't carrying any scrolls.
You aren't carrying any potions.
You hear the slow rusting of a very distant drain.
The hound barely misses you. The hound bites you. The hound barely misses you.
The worm bites you but does no damage. The hound closely misses you.
The hound bites you but does no damage. The hound misses you.
The worm bites you but does no damage. The hound closely misses you.
The hound misses you. The worm bites you!
* * * LOW HITPOINT WARNING * * *
The hound closely misses you.
Casting: Blink (safe; 2% risk of failure)
Confirm with . or Enter, or press ? or * to list all spells.
You blink.
You aren't carrying any scrolls.
You aren't carrying any potions.
The hound bites you.
* * * LOW HITPOINT WARNING * * *
The orc misses you. The orc hits you with a whip.
You die...

######
#....#
#....#
#....##
#..ow.#
#ooh..#
##@####
#.# #.#
#.# #.#
#.# #.#
#.#
....##
#)#
......


You could see a worm, a hound and 3 orcs.

Vanquished Creatures
  A worker ant zombie (D:3)
  An ooze (D:3)
  A giant cockroach (D:1)
  4 goblins (D:1)
  2 jackals (D:1)
  6 bats
  A frilled lizard (D:1)
  A kobold (D:1)
  A rat (D:1)
18 creatures vanquished.

Vanquished Creatures (collateral kills)
  2 adders (D:3)
  A leopard gecko (D:3)
  2 bats (D:3)
  A goblin (D:1)
  A kobold (D:3)
7 creatures vanquished.

Grand Total: 25 creatures vanquished

Notes
Turn   | Place    | Note
-------+----------+-------------------------------------------
     0 | D:1      | Amnesiac the Spriggan Wanderer began the quest for the Orb.
     0 | D:1      | Amnesiac set off with: a +0 robe, a +0 dagger, a ration
     0 | D:1      | Reached XP level 1. HP: 10/10 MP: 3/3
   321 | D:1      | Reached XP level 2. HP: 9/14 MP: 4/6
   340 | D:1      | Learned a level 2 spell: Blink
   343 | D:1      | Learned a level 2 spell: Call Imp
   819 | D:3      | Reached XP level 3. HP: 10/18 MP: 1/9
   836 | D:3      | Learned a level 3 spell: Mephitic Cloud
   892 | D:3      | Learned a level 3 spell: Conjure Flame
  1011 | D:3      | Slain by an orc

Vault maps used:
D:1:      dpeg_arrival_water_fire, tso_metal_star
D:2:      old_standard_altar
D:3:      gup_sewer_entry_glass, chequers_ecumenical_altar_grove, serial_undead,
          serial_undead_e, serial_undead_c, serial_undead_e, serial_undead_f,
          grunt_ministairs_11, hangedman_feature_mirror, uniq_terence

Skill      XL: |  1  2  3 |
---------------+----------+-----
Spellcasting   | 2 3 4 |  4.3
Fighting       | |  1.0
Crossbows      | |  1.0
Dodging        | |  1.5
Stealth        | |  1.5
Translocations | |  5.8
Evocations     | |  1.3

Action                   || total
-------------------------++-------
Melee: Dagger            ||   122
 Cast: Call Imp          ||     6
       Blink             ||     2
       Conjure Flame     ||     1
  Use: Scroll            ||     5
 Stab: Sleeping          ||     1
Armor: Robe              ||    29
Dodge: Dodged            ||   150

Table legend:
 A = Spawn XP
 B = Non-spawn XP
 C = Spawn XP percentage of total XP
 D = Spawn monster count
 E = Non-spawn monster count
 F = Spawn count percentage of total count
 G = Total turns spent on level
                    A         B        C        D         E        F      G
               +---------+---------+-------+---------+---------+-------+---------
         Total |       0 |      69 |   0.0 |       0 |      25 |   0.0 |  1011
               +---------+---------+-------+---------+---------+-------+---------
           D:1 |       0 |      23 |   0.0 |       0 |      15 |   0.0 |   695
           D:3 |       0 |      46 |   0.0 |       0 |      10 |   0.0 |   301
               +---------+---------+-------+---------+---------+-------+---------
